 Dungeon Sprint DCSS version 0.29.1-12-g30fa7ad0bf (webtiles) character file.

Game seed: 18300991910310818069

20918 boopmooplesden the Minotaur Blade (level 12, -4/137 HPs)
             Began as a Minotaur Berserker on Dec 17, 2022.
             Was the Champion of Trog.
             Killed from afar by a fire giant (41 damage)
             ... with a bolt of fire
             ... in the Dungeon (Sprint IX: "|||||||||||||||||||||||||||||").
             The game lasted 00:06:05 (2102 turns).

boopmooplesden the Minotaur Blade (MiBe)            Turns: 2102, Time: 00:06:06

Health: -4/137     AC: 25    Str: 23    XL:     12   Next: 49%
Magic:  11/11      EV: 18    Int:  4    God:    Trog [******]
Gold:   1929       SH:  0    Dex: 14    Spells: 11/11 levels left

rFire   . . .      SeeInvis .   o - +6 triple sword of Scorn {flame, Fly rPois Will++ Dex-3}
rCold   . . .      Faith    .   (shield currently unavailable)
rNeg    . . .      Spirit   .   D - +4 plate armour {rPois}
rPois   +          Reflect  .   (helmet restricted)
rElec   .          Harm     .   E - +1 cloak of Starlight {*Dazzle EV+4 Stlth--}
rCorr   .          Rampage  .   w - +0 pair of gloves
Will    ++++.      NoTele   +   (no boots)
Stlth   ..........              (no amulet)
HPRegen 1.32/turn               m - +3 ring of dexterity
MPRegen 0.12/turn               n - +2 ring of evasion

@: strong-willed, flying, regenerating
A: horns 2, retaliatory headbutt
a: Renounce Religion, Berserk, Trog's Hand, Brothers in Arms


You were in the Dungeon.
You worshipped Trog.
Trog was exalted by your worship.
You visited 1 branch You collected 1929 gold pieces.

Inventory:

Hand Weapons
 a - a +0 falchion
 k - a +3 scimitar of holy wrath
 o - the +6 triple sword of Scorn (weapon) {flame, Fly rPois Will++ Dex-3}
   (Trog gifted it to you in the Dungeon)

   It burns those it strikes, dealing additional fire damage.
   Big, fiery blades are also staple armaments of hydra-hunters.
   Dex:       It affects your dexterity (-3).
   rPois:     It protects you from poison.
   Fly:       It grants you flight.
   Will:      It greatly increases your willpower.
 r - a +3 great sword of flaming
 x - the +4 triple sword of Lies {flame, Dex+2}
   (Trog gifted it to you in the Dungeon)

   It burns those it strikes, dealing additional fire damage.
   Big, fiery blades are also staple armaments of hydra-hunters.
   Dex:       It affects your dexterity (+2).
 C - the +5 demon blade of Risk Management {vamp, Contam Dex+4 Stlth+}
   (You found it in the Dungeon)

   It occasionally heals its wielder for a portion of the damage dealt when it
   wounds a living foe.
   Dex:       It affects your dexterity (+4).
   Contam:    It causes magical contamination when unequipped.
   Stlth:     It makes you more stealthy.
Armour
 b - a +0 animal skin
 l - a +5 scale mail
 v - a +0 cloak
 w - a +0 pair of gloves (worn)
 D - a +4 plate armour of poison resistance (worn)
 E - the +1 cloak of Starlight (worn) {*Dazzle EV+4 Stlth--}
   (You found it in the Dungeon)

   It may blind those who miss an attack against the wearer in melee combat.
   EV:        It affects your evasion (+4).
   Stlth:     It makes you much less stealthy.
Jewellery
 m - a +3 ring of dexterity (left hand)
 n - a +2 ring of evasion (right hand)
 y - a ring of ice
 z - a ring of fire
 A - a ring of fire
 B - a ring of see invisible
Wands
 j - a wand of roots (6)
Scrolls
 h - a scroll of blinking
 q - a scroll of poison
 s - 5 scrolls of identify
 t - a scroll of enchant weapon
 u - a scroll of fear
Potions
 c - 8 potions of curing
 d - 7 potions of heal wounds
 e - a potion of haste
 f - 4 potions of magic
 g - a potion of berserk rage
 i - a potion of invisibility
 p - a potion of might
 F - a potion of resistance


   Skills:
 + Level 22.1 Fighting
 + Level 24.8 Long Blades
 + Level 15.0 Armour
 + Level 10.8 Dodging
 + Level 4.5 Stealth


You had 11 spell levels left.
You didn't know any spells.
Your spell library was empty.

Dungeon Overview and Level Annotations

Branches:
Dungeon (1/1)

Altars:
Cheibriados
Dithmenos
Elyvilon
Fedhas
Gozag
Hepliaklqana
Kikubaaqudgha
Makhleb
Nemelex Xobeh
Okawaru
Qazlal
Ru
Sif Muna
Trog
Uskayaw
Vehumet
Wu Jian
Xom
Yredelemnul
Zin
The Shining One
Jiyva
Lugonu

Shops:
D ((:!


Innate Abilities, Weirdness & Mutations

You have a pair of horns on your head.
You reflexively headbutt those who attack you in melee.


Message History

The fire giant points at you and mumbles some strange words.
The bolt of fire hits you! The bolt of fire hits your cyclops!!!
You swap places.
The fire giant gestures at you while chanting.
The fireball explodes!
The fireball engulfs your cyclops!!
Your cyclops dies!
Your cyclops's corpse disappears in a puff of smoke!
The fireball engulfs you!!
* * * LOW HITPOINT WARNING * * *
You see here a +1 tower shield.
You see here a +3 chain mail.
Aiming: Fastroot
Press: ? - help, Shift-Dir - straight line, p - fire giant The roots erupt in riotous growth!
Roots grab the fire giant.
The grasping roots constrict the fire giant.
The fire giant struggles to escape constriction.
Aiming: Fastroot
Press: ? - help, Shift-Dir - straight line, f - you The roots erupt in riotous growth!
The grasping roots constrict the fire giant.
The roots release their grip on the fire giant.
Aiming: Fastroot
Press: ? - help, Shift-Dir - straight line, f - fire giant
Aim: a fire giant, wielding a +1 great sword of flaming (heavily wounded)
The roots erupt in riotous growth!
Roots grab the fire giant.
The grasping roots constrict the fire giant.
The fire giant struggles to escape constriction.
Aiming: Fastroot
Press: ? - help, Shift-Dir - straight line, f/p - fire giant
Aim: a fire giant, wielding a +1 great sword of flaming (severely wounded, constricted by roots)
The roots erupt in riotous growth!
The fire giant is unaffected.
Roots grab the frost giant.
The grasping roots constrict the frost giant.
The grasping roots constrict the fire giant.
The roots release their grip on the fire giant.
The fire giant casts a spell at you. The bolt of fire hits you!!!
You die...

▓_▓.▓)▓.▓)▓.▓.▓
▓_▓.▓†▓.▓)▓.▓u▓
▓_▓.▓†▓.▓)▓.▓C▓
▓_▓.▓.▓.▓)▓.▓C▓
▓_▓.▓.▓.▓)▓.▓†▓
▓_▓.▓.▓.▓)▓.▓[▓
▓_▓.▓.▓.▓)▓.▓.▓
▓_▓.▓.▓.▓.▓)▓[▓
▓_▓.▓.▓.▓.▓.▓@▓
▓_▓.▓.▓.▓.▓.▓[▓
▓_▓.▓.▓.▓.▓.▓.▓
▓_▓.▓.▓.▓.▓.▓)▓
▓_▓.▓†▓.▓)▓.▓)▓
▓_▓.▓.▓.▓)▓.▓)▓
▓_▓.▓.▓.▓)▓.▓.▓
▓_▓.▓.▓.▓)▓.▓)▓
▓_▓.▓.▓.▓)▓.▓)▓


You could see a frost giant (rooted), a cyan very ugly thing and a fire giant.

Vanquished Creatures
  A fire dragon (D)
  A hydra (D)
  4 ogre magi (D)
  A centaur warrior (D)
  2 catoblepae (D)
  A death yak (D)
  A tengu warrior (D)
  Sonja (D)
  A skeletal warrior (D)
  3 deep trolls (D)
  A deep elf pyromancer (D)
  A wizard (D)
  2 orc knights (D)
  A cyclops (D)
  A manticore (D)
  An ugly thing (D)
  Joseph (D)
  A black mamba (shapeshifter) (D)
  3 cane toads (D)
  A komodo dragon (D)
  7 trolls (D)
  A polar bear (D)
  A raiju (shapeshifter) (D)
  A wyvern (D)
  4 yaks (D)
  A vampire mosquito (D)
  4 acid dragons (D)
  5 water moccasins (D)
  11 orc warriors (D)
  An ice beast (D)
  An ogre (D)
  A wolf (D)
  5 bullfrogs (D)
  A gnoll sergeant (D)
  3 orc priests (D)
  5 orc wizards (D)
  A gnoll (D)
  An adder (D)
  A dart slug (D)
  6 orcs (D)
  A giant cockroach (D)
  A hobgoblin (D)
  A kobold (D)
  A rat (D)
94 creatures vanquished.

Vanquished Creatures (collateral kills)
  A catoblepas (D)
  2 death yaks (D)
3 creatures vanquished.

Grand Total: 97 creatures vanquished

Notes
Turn   | Place    | Note
-------+----------+-------------------------------------------
     0 | D        | boopmooplesden the Minotaur Berserker began the quest for
                  | the Orb.
     0 | D        | Reached XP level 1. HP: 19/19 MP: 0/0
     6 | D        | Reached skill level 4 in Long Blades
    12 | D        | Reached ** piety under Trog
    21 | D        | Noticed an ice beast
    21 | D        | Noticed an ogre
    24 | D        | Reached skill level 5 in Fighting
    24 | D        | Reached skill level 5 in Long Blades
    24 | D        | Reached XP level 2. HP: 29/29 MP: 1/1
    28 | D        | Killed an ogre
    28 | D        | Reached *** piety under Trog
    29 | D        | Reached skill level 8 in Long Blades
    29 | D        | Reached XP level 3. HP: 39/39 MP: 2/2
    29 | D        | Reached XP level 4. HP: 47/47 MP: 3/3
    36 | D        | Killed an ice beast
    37 | D        | Reached skill level 9 in Long Blades
    37 | D        | Reached XP level 5. HP: 50/56 MP: 4/4
    42 | D        | Found a snail-covered altar of Cheibriados.
    42 | D        | Found a shadowy altar of Dithmenos.
    42 | D        | Found a white marble altar of Elyvilon.
    42 | D        | Found a blossoming altar of Fedhas.
    42 | D        | Found an opulent altar of Gozag.
    43 | D        | Found a hazy altar of Hepliaklqana.
    44 | D        | Found a viscous altar of Jiyva.
    45 | D        | Found an ancient bone altar of Kikubaaqudgha.
    46 | D        | Found a corrupted altar of Lugonu.
    47 | D        | Found a burning altar of Makhleb.
    48 | D        | Found a sparkling altar of Nemelex Xobeh.
    49 | D        | Found an iron altar of Okawaru.
    50 | D        | Found a stormy altar of Qazlal.
    51 | D        | Found a sacrificial altar of Ru.
    52 | D        | Found a shimmering blue altar of Sif Muna.
    53 | D        | Found a bloodstained altar of Trog.
    54 | D        | Found a hide-covered altar of Uskayaw.
    55 | D        | Found a radiant altar of Vehumet.
    56 | D        | Found an ornate altar of the Wu Jian Council.
    57 | D        | Found a shimmering altar of Xom.
    58 | D        | Found a basalt altar of Yredelemnul.
    59 | D        | Found a glowing silver altar of Zin.
    60 | D        | Found a glowing golden altar of the Shining One.
    99 | D        | Noticed an acid dragon
    99 | D        | Noticed a yak
    99 | D        | Noticed an acid dragon
    99 | D        | Noticed a yak
   102 | D        | Reached **** piety under Trog
   103 | D        | Reached skill level 10 in Long Blades
   103 | D        | Reached skill level 5 in Dodging
   106 | D        | Killed a yak
   107 | D        | Reached skill level 10 in Fighting
   107 | D        | Reached skill level 11 in Long Blades
   107 | D        | Reached skill level 5 in Armour
   107 | D        | Reached XP level 6. HP: 66/66 MP: 5/5
   110 | D        | Killed an acid dragon
   111 | D        | Reached skill level 12 in Long Blades
   116 | D        | Reached XP level 7. HP: 21/74 MP: 6/6
   120 | D        | Killed a yak
   120 | D        | Reached ***** piety under Trog
   121 | D        | Reached skill level 13 in Long Blades
   318 | D        | Noticed a vampire mosquito
   318 | D        | Noticed a centaur warrior
   318 | D        | Noticed a manticore
   318 | D        | Noticed a deep elf pyromancer
   325 | D        | Killed a deep elf pyromancer
   326 | D        | Reached skill level 14 in Long Blades
   326 | D        | Reached XP level 8. HP: 86/86 MP: 7/7
   328 | D        | Killed a manticore
   329 | D        | Reached skill level 15 in Long Blades
   331 | D        | Identified the +6 triple sword of Scorn {flame, Fly rPois
                  | Will++ Dex-3} (Trog gifted it to you in the Dungeon)
   331 | D        | Received a gift from Trog
   339 | D        | Killed a centaur warrior
   340 | D        | Reached skill level 15 in Fighting
   340 | D        | Reached skill level 16 in Long Blades
   340 | D        | Reached XP level 9. HP: 89/97 MP: 8/8
   342 | D        | Reached skill level 17 in Long Blades
   481 | D        | Noticed a komodo dragon
   481 | D        | Noticed a cane toad
   482 | D        | Noticed a cane toad
   487 | D        | Noticed a polar bear
   488 | D        | Killed a cane toad
   491 | D        | Received a gift from Trog
   493 | D        | Killed a komodo dragon
   494 | D        | Reached skill level 18 in Long Blades
   496 | D        | Killed a cane toad
   502 | D        | Killed a polar bear
   504 | D        | Reached XP level 10. HP: 108/108 MP: 9/9
   742 | D        | Noticed a cane toad
   745 | D        | Killed a cane toad
   746 | D        | Reached skill level 19 in Long Blades
   747 | D        | Noticed a five-headed hydra
   752 | D        | Reached skill level 10 in Armour
   757 | D        | Killed a three-headed hydra
   757 | D        | Reached ****** piety under Trog
   760 | D        | Reached skill level 20 in Long Blades
   767 | D        | Noticed a death yak
   767 | D        | Noticed a catoblepas
   767 | D        | Noticed a death yak
   767 | D        | Noticed a death yak
   768 | D        | Noticed a catoblepas
   775 | D        | Killed a death yak
   796 | D        | Killed a death yak
   798 | D        | Killed a catoblepas
   799 | D        | Reached skill level 21 in Long Blades
   800 | D        | Killed a death yak
   800 | D        | Received a gift from Trog
   801 | D        | Reached XP level 11. HP: 48/119 MP: 10/10
   811 | D        | Noticed a catoblepas
   828 | D        | Killed a catoblepas
   829 | D        | Reached skill level 1 in Stealth
   847 | D        | Killed a catoblepas
   850 | D        | Reached skill level 22 in Long Blades
  1112 | D        | Noticed Sonja
  1130 | D        | Killed Sonja
  1170 | D        | Received a gift from Trog
  1181 | D        | Received a gift from Trog
  1231 | D        | Noticed an orc knight
  1235 | D        | Noticed an orc knight
  1243 | D        | Received a gift from Trog
  1247 | D        | Killed an orc knight
  1250 | D        | Killed an orc knight
  1261 | D        | Identified the +4 triple sword of Lies {flame, Dex+2} (Trog
                  | gifted it to you in the Dungeon)
  1261 | D        | Received a gift from Trog
  1540 | D        | Found Pushroq's Distillery.
  1540 | D        | Noticed an ogre mage
  1540 | D        | Noticed a deep troll
  1540 | D        | Noticed a deep troll
  1546 | D        | Killed a deep troll
  1547 | D        | Reached skill level 23 in Long Blades
  1548 | D        | Noticed an ogre mage
  1549 | D        | Killed a deep troll
  1550 | D        | Reached skill level 10 in Dodging
  1554 | D        | Killed an ogre mage
  1558 | D        | Found Kaihove's Book Shop.
  1560 | D        | Received a gift from Trog
  1564 | D        | Killed an ogre mage
  1565 | D        | Found Dudat's Weapon Boutique.
  1568 | D        | Found Edoavahu's Weapon Shop.
  1568 | D        | Noticed a deep troll
  1578 | D        | Killed a deep troll
  1580 | D        | Reached XP level 12. HP: 90/134 MP: 11/11
  1586 | D        | Received a gift from Trog
  1592 | D        | Noticed an ogre mage
  1598 | D        | Killed an ogre mage
  1599 | D        | Reached skill level 24 in Long Blades
  1916 | D        | Noticed Joseph
  1925 | D        | Killed Joseph
  1978 | D        | Got the +5 demon blade of Risk Management {vamp, Contam
                  | Dex+4 Stlth+}
  1981 | D        | Found the +1 cloak of Starlight {*Dazzle EV+4 Stlth--}
  2033 | D        | Noticed an ogre mage
  2037 | D        | Noticed a boulder beetle
  2038 | D        | Noticed a tengu warrior
  2042 | D        | Killed an ogre mage
  2042 | D        | Received a gift from Trog
  2054 | D        | Noticed a fire dragon
  2056 | D        | Noticed a vampire mage
  2057 | D        | Killed a tengu warrior
  2062 | D        | Noticed a fire giant
  2068 | D        | Noticed a frost giant
  2070 | D        | Noticed a cyan very ugly thing
  2075 | D        | Noticed a stone giant
  2077 | D        | Killed a fire dragon
  2078 | D        | Reached skill level 15 in Armour
  2102 | D        | Killed from afar by a fire giant

Illustrated notes

Levels and vault maps discovered:
D:        linesprint [early_d, line_temple, items_1, d_10, items_2, lair_1,
          lair_end, items_3, orc_1, orc_end, items_4, d_15, swamp_1, shoals_1,
          snake_1, spider_1, d_20, vaults_1, items_5, swamp_end, shoals_end,
          snake_end, spider_end, vaults_end, d_27, items_6, zot_1, zot_end,
          crypt_end, forest_end, elf_end, slime_end, tomb_end, abyss_end,
          pan_hell_end]

Skill      XL: |  1  2  3  4  5  6  7  8  9 10 11 12 |
---------------+-------------------------------------+-----
Fighting       | 5 7 8 10 11 13 15 16 18 20 22 | 22.1
Long Blades    | 5 8 9 11 12 14 16 18 21 23 24 | 24.8
Armour         | 3 4 5 7 8 9 11 13 15 | 15.0
Dodging        | 4 5 6 7 8 9 10 | 10.8
Stealth        | 4 |  4.5

Action                   |  1- 3 |  4- 6 |  7- 9 | 10-12 || total
-------------------------+-------+-------+-------+-------++-------
Melee: Falchion          |    16 |     8 |       |       ||    24
       Headbutt          |     3 |     4 |    10 |    35 ||    52
       Scimitar          |       |    13 |    25 |       ||    38
       Triple sword      |       |       |    21 |   162 ||   183
Invok: Berserk           |     1 |     1 |     2 |     5 ||     9
       Trog's Hand       |       |       |     2 |     4 ||     6
       Brothers in Arms  |       |       |       |     3 ||     3
Evoke: Wand              |       |       |       |     4 ||     4
  Use: Potion            |       |       |     1 |     4 ||     5
       Scroll            |       |       |     5 |     2 ||     7
 Stab: Petrified         |       |       |       |     3 ||     3
       Invisible         |       |       |       |     2 ||     2
Armor: Animal skin       |     2 |     2 |       |       ||     4
       Scale mail        |       |     3 |    12 |    35 ||    50
       Plate armour      |       |       |       |    23 ||    23
Dodge: Dodged            |     9 |     8 |    18 |    91 ||   126
